AoeStats
← [ITCF]TANK

African Clearing

506888240Analyzed
3v3 RM · 17d ago on Sep 15, 2026· 46m 27s· 6 players
Game mode
Random Map
Map size
Normal (6 player)
Population
200
Speed
Normal
Resources
Standard
Victory
Conquest
Starting age
Dark Age
Ending age
Imperial Age
RankedLock teamsTeams togetherTeam positionsShared explorationLock speedFull tech treeHidden civsTurbo modeCheats
Victory
Defeat
🇹🇼 Poles · Taiwan
1310
+16
🇹🇼 Mongols · Taiwan
1284
+17
🇹🇼 Huns · Taiwan
1266
+18
🇳🇱 Persians · Netherlands
1321
-18
🇳🇱 Magyars · Netherlands
1298
-17
🇳🇱 Mongols · Netherlands
1284
-16
[ITCF]Hentai
8:48 Loom
11:17 Feudal Age
12:28 Town Watch
12:26 Horse Collar
22:37 Wheelbarrow
25:33 Scale Barding Armor
25:39 Forging
25:49 Bloodlines
30:05 Castle Age
29:41 Scale Mail Armor
31:29 Heavy Plow
31:24 Double-Bit Axe
32:56 Husbandry
35:26 Chain Barding Armor
36:22 Iron Casting
37:28 Bow Saw
37:38 Szlachta Privileges
43:01 Light Cavalry
45:18 Iron Casting
[ITCF]yuli
11:43 Feudal Age
10:48 Loom
13:55 Bloodlines
15:10 Forging
14:51 Double-Bit Axe
16:24 Scale Barding Armor
22:57 Castle Age
23:45 Wheelbarrow
23:21 Light Cavalry
24:02 Husbandry
24:52 Chain Barding Armor
33:16 Town Watch
35:27 Horse Collar
36:25 Fletching
38:10 Bow Saw
38:46 Iron Casting
43:54 Imperial Age
41:40 Hand Cart
43:57 Gold Mining
43:58 Stone Mining
44:58 Town Patrol
45:35 Plate Barding Armor
46:01 Blast Furnace
44:23 Cavalier
45:47 Bodkin Arrow
45:33 Paladin
45:57 Hussar
[ITCF]TANK
11:08 Loom
12:54 Feudal Age
17:27 Castle Age
15:43 Double-Bit Axe
19:00 Bow Saw
21:38 Horse Collar
23:27 Fletching
25:40 Bodkin Arrow
34:29 Wheelbarrow
36:26 Imperial Age
36:49 Ballistics
36:30 Padded Archer Armor
37:38 Bracer
39:06 Hand Cart
40:10 Chemistry
39:52 Leather Archer Armor
39:39 Heavy Plow
39:32 Stone Mining
39:33 Gold Mining
41:30 Thumb Ring
41:52 Parthian Tactics
42:10 Gold Shaft Mining
42:13 Conscription
42:03 Town Watch
42:20 Elite Mangudai
43:23 Husbandry
44:58 Scale Barding Armor
45:03 Forging
45:06 Bloodlines
46:51 Chain Barding Armor
47:07 Iron Casting
45:54 Light Cavalry
Pauperdinkla
6:42 Loom
13:00 Feudal Age
13:51 Double-Bit Axe
18:06 Town Watch
22:27 Castle Age
21:16 Bloodlines
22:22 Horse Collar
25:52 Scale Barding Armor
28:42 Husbandry
31:12 Chain Barding Armor
33:12 Wheelbarrow
32:59 Fletching
34:13 Bodkin Arrow
41:39 Imperial Age
41:46 Cavalier
43:44 Plate Barding Armor
45:36 Bracer
SkeereDinkla
8:16 Loom
12:23 Feudal Age
13:12 Double-Bit Axe
16:57 Bloodlines
23:37 Castle Age
23:55 Forging
24:18 Scale Barding Armor
29:56 Horse Collar
29:54 Elite Skirmisher
35:42 Pikeman
42:24 Heavy Plow
45:37 Fletching
Jan de Veroveraar II
8:26 Loom
12:05 Feudal Age
13:30 Double-Bit Axe
16:32 Scale Barding Armor
17:02 Forging
22:35 Horse Collar
27:39 Castle Age
36:29 Scale Mail Armor
38:46 Bow Saw
40:20 Wheelbarrow
43:18 Imperial Age
41:40 Chain Barding Armor
41:49 Bloodlines
42:42 Husbandry
43:25 Iron Casting
43:10 Cavalier
44:45 Plate Barding Armor
Connection lost

Rejoining the realm…

Still unreachable

The connection could not be restored.

Session expired

The server has moved on; the page needs a fresh start.